 Dungeon Crawl Stone Soup version 0.19.5 (webtiles) character file.

19376 JeffiDaFish the Basher (level 12, -9/77 HPs)
             Began as a Gargoyle Fighter on Apr 14, 2017.
             Was a High Priest of Okawaru.
             Mangled by a frost giant
             ... wielding a +1 battleaxe of freezing
              (15 damage)
             ... in an ice cave on Apr 15, 2017.
             The game lasted 00:30:36 (13407 turns).

JeffiDaFish the Basher (Gargoyle Fighter)          Turns: 13407, Time: 00:30:37

Health: -9/77      AC: 33    Str: 21    XL:     12   Next: 68%
Magic:  0/18       EV:  7    Int: 15    God:    Okawaru [*****.]
Gold:   719        SH: 13    Dex: 17    Spells: 2 memorised, 8 levels left

rFire  . . .     SeeInvis .     d - +1 morningstar
rCold  . . .     Gourm    .     e - +0 plate armour
rNeg   + . .     Faith    .     c - +0 shield
rPois  ∞         Spirit   +     (no helmet)
rElec  +         Reflect  .     j - +1 cloak
rCorr  .         Harm     .     k - +2 pair of gloves
MR     .....                    G - +2 pair of boots {run}
Stlth  ..........               u - amulet of guardian spirit
                                q - +4 ring of dexterity
                                a - +6 ring of intelligence

@: quick
A: negative energy resistance 1, electricity resistance, unbreathing,
petrification resistance, rot immunity, AC +8
a: Heroism, Finesse, Renounce Religion


You were in an ice cave.
You worshipped Okawaru.
Okawaru was extremely pleased with you.
You were hungry.

You visited 3 branches of the dungeon, and saw 14 of its levels.
You also visited: Ice Cave.

You collected 719 gold pieces.

Inventory:

Hand Weapons
 d - a +1 morningstar (weapon)
Missiles
 y - 11 exploding tomahawks (quivered)
Armour
 c - a +0 shield (worn)
 e - a +0 plate armour (worn)
 j - a +1 cloak (worn)
 k - a +2 pair of gloves (worn)
 G - a +2 pair of boots of running (worn)
Jewellery
 a - a +6 ring of intelligence (left hand)
 l - an uncursed ring of protection from fire
 q - a +4 ring of dexterity (right hand)
 u - an amulet of guardian spirit (around neck)
Scrolls
 h - 7 scrolls of teleportation
 i - 4 scrolls of blinking
 p - 5 scrolls of remove curse
 v - 5 scrolls of fear
 z - 7 scrolls of identify
 C - a scroll of fog
 F - a scroll of magic mapping
Potions
 g - a potion of flight
 o - 2 potions of brilliance
 r - a potion of curing
 w - a potion of cure mutation
Books
 A - the Papyrus of Aid and Slavery
   (You found it on level 8 of the Dungeon)

   Spells                             Type                      Level
   a - Summon Butterflies             Summoning                    1
   b - Repel Missiles                 Charms/Air                   2
   c - Song of Slaying                Charms                       2
   d - Regeneration                   Charms/Necromancy            3
   e - Summon Demon                   Summoning                    5
   f - Malign Gateway                 Summoning/Translocation      7
 B - a book of Power

   Spells                             Type                      Level
   a - Fulminant Prism                Conjuration/Hexes            4
   b - Iskenderun's Mystic Blast      Conjuration                  4
   c - Venom Bolt                     Conjuration/Poison           5
   d - Bolt of Magma                  Conjuration/Fire/Earth       5
   e - Iron Shot                      Conjuration/Earth            6
   f - Orb of Destruction             Conjuration                  7
   g - Spellforged Servitor           Conjuration/Summoning        7
 E - a book of Geomancy

   Spells                             Type                      Level
   a - Sandblast                      Earth                        1
   b - Passwall                       Transmutation/Earth          2
   c - Stone Arrow                    Conjuration/Earth            3
   d - Petrify                        Transmutation/Earth          4
   e - Lee's Rapid Deconstruction     Earth                        5
Comestibles
 b - 21 chunks of flesh
 f - 11 bread rations
 m - 5 fruits
 n - 6 beef jerkies
 t - a slice of pizza
 x - 5 meat rations
 D - 10 royal jellies


   Skills:
 * Level 9.7 Fighting
 * Level 11.3 Maces & Flails
 * Level 10.5 Armour
 - Level 1.4 Dodging
 - Level 0.5 Stealth
 * Level 11.3 Shields
 + Level 4.1 Spellcasting
 + Level 4.1 Summonings


You had 8 spell levels left.
You knew the following spells:

 Your Spells              Type           Power        Failure   Level  Hunger
a - Summon Demon          Summ           ###.......   100%        5    ######.
b - Iron Shot             Conj/Erth      #.........   100%        6    #######


Dungeon Overview and Level Annotations

Branches:
Dungeon (11/15)            Temple (1/1) D:6            Lair (2/6) D:11
    Orc (0/2) D:11
  Swamp: Lair:2-4    Shoals: Lair:2-4     Snake: Lair:2-4    Spider: Lair:2-4

Altars:
Dithmenos
Elyvilon
Gozag
Kikubaaqudgha
Nemelex Xobeh
Okawaru
Qazlal
Ru
Sif Muna
Vehumet
Xom
The Shining One
Beogh

Shops:
D:7 (   D:8 (


Innate Abilities, Weirdness & Mutations

You are resistant to torment.
Your stone body is resilient. (AC +8)
You are immune to poison.
You resist negative energy. (rN+)
You are resistant to electric shocks. (rElec)
You can survive without breathing.
You are immune to petrification.
You are immune to rotting.


Message History

* * * LOW HITPOINT WARNING * * *
You puncture the frost giant!
The frost giant is heavily wounded.
Your shield and plate armour prevent you from hitting the frost giant.
The frost giant is heavily wounded.
The frost giant casts a spell at you. The bolt of cold hits you!
Your plate armour prevents you from hitting the frost giant.
The frost giant is heavily wounded.
The frost giant hits you with a battleaxe of freezing!
* * * LOW HITPOINT WARNING * * *
The frost giant freezes you.
* * * LOW HITPOINT WARNING * * *
Your plate armour prevents you from hitting the frost giant.
The frost giant is heavily wounded.
You block the frost giant's attack.
You hit the frost giant.
The frost giant is heavily wounded.
The frost giant hits you with a battleaxe of freezing!
You die...

#......##
#.#.#.#.#
#.#####.##
#.## ##.#
#..####.##
##..##.##
##.##.##
#..##.#
§...
##.##@##
....
##..###C#
.Y...
##..###hh##
.hC..
#...#.C##k#


h.Yk #...#[#.#Y###..# #..###.≈...#..# #..# ##≈##...# #.## ≈#≈≈##.## #.##
≈≈≈≈≈### You could see a frost giant, a polar bear, a yak and a rime drake.

Vanquished Creatures
  A hydra (Lair:1)
  The ghost of ck1fx the Basher, a novice DsGl of Makhleb (D:8)
  A cyclops (D:11)
  3 spiny frogs (Lair:1)
  An ice statue (IceCv)
  A gargoyle (D:11)
  A rime drake (Lair:2)
  2 komodo dragons (Lair:1)
  2 trolls (D:10)
  14 polar bears (IceCv)
  2 hornets
  A two-headed ogre (D:10)
  3 hippogriffs (Lair:1)
  16 yaks
  A wyvern (D:11)
  A vampire (D:10)
  2 water moccasins
  3 porcupines (Lair:1)
  8 orc warriors
  2 phantoms
  3 sky beasts
  4 ogres
  2 ice beasts
  2 necrophages
  3 centaurs
  16 wolves (IceCv)
  4 crocodiles (Lair:1)
  A big kobold (D:11)
  10 bullfrogs
  A wyvern skeleton (D:7)
  4 scorpions
  31 killer bees
  5 wights (D:9)
  2 howler monkeys
  3 bullfrog zombies
  3 crimson imps
  A centaur zombie (D:5)
  2 hounds
  5 orc priests
  4 jellies
  Crazy Yiuf (D:2)
  2 bullfrog skeletons
  2 centaur skeletons
  5 iguanas
  15 orc wizards
  7 worker ants
  2 hound zombies
  A hound skeleton (D:5)
  A worker ant zombie (D:9)
  8 gnolls
  11 adders
  2 shadow imps
  7 oozes
  A worm (D:3)
  6 dart slugs
  5 leopard geckos
  57 orcs
  6 bats
  3 giant cockroaches
  4 goblins
  6 hobgoblins
  12 jackals
  10 kobolds
  5 quokkas
  A frilled lizard (D:3)
  A jackal skeleton (D:5)
  A leopard gecko skeleton (D:5)
  2 leopard gecko zombies (D:5)
  A quokka skeleton (D:5)
  12 rats
  A plant (D:11)
370 creatures vanquished.

Vanquished Creatures (collateral kills)
  A killer bee (D:8)
1 creature vanquished.

Vanquished Creatures (others)
  A polar bear (IceCv)
  8 wolves (IceCv)
  An orc wizard (D:9)
10 creatures vanquished.

Grand Total: 381 creatures vanquished

Notes
Turn   | Place    | Note
-------+----------+-------------------------------------------
     0 | D:1      | JeffiDaFish the Gargoyle Fighter began the quest for the Orb.
     0 | D:1      | Reached XP level 1. HP: 14/14 MP: 1/1
   117 | D:1      | Gained mutation: You tend to lose your temper in combat. [potion of mutation]
   117 | D:1      | Gained mutation: You have sharp toenails. [potion of mutation]
   117 | D:1      | Gained mutation: You often lose your temper in combat. [potion of mutation]
   228 | D:1      | Reached XP level 2. HP: 18/19 MP: 2/2
   629 | D:2      | Reached XP level 3. HP: 23/23 MP: 3/3
   737 | D:2      | Found a stormy altar of Qazlal.
   741 | D:2      | Found a shadowy altar of Dithmenos.
   742 | D:2      | Found a glowing golden altar of the Shining One.
   835 | D:2      | Reached XP level 4. HP: 29/29 MP: 4/4
   872 | D:2      | Found a runed door.
   949 | D:2      | Noticed Crazy Yiuf
   963 | D:2      | Killed Crazy Yiuf
  1112 | D:2      | Found a shimmering altar of Xom.
  1210 | D:2      | Gained mutation: You are robust. (+10% HP) [potion of beneficial mutation]
  1407 | D:3      | Reached XP level 5. HP: 35/36 MP: 5/5
  2610 | D:4      | Lost mutation: You often lose your temper in combat. [potion of cure mutation]
  2610 | D:4      | Lost mutation: You have sharp toenails. [potion of cure mutation]
  2610 | D:4      | Lost mutation: You are robust. (+10% HP) [potion of cure mutation]
  2610 | D:4      | Lost mutation: You tend to lose your temper in combat. [potion of cure mutation]
  2672 | D:4      | Noticed an ogre
  2684 | D:4      | Killed an ogre
  2684 | D:4      | Reached XP level 6. HP: 22/38 MP: 6/6
  2842 | D:4      | Found a faded altar of an unknown god.
  2842 | D:4      | Found a faded altar of an unknown god.
  2847 | D:4      | Found a deep blue altar of Sif Muna.
  2849 | D:4      | Found a faded altar of an unknown god.
  2851 | D:4      | Found a sparkling altar of Nemelex Xobeh.
  3181 | D:4      | Reached skill level 5 in Shields
  3391 | D:5      | Entered Level 5 of the Dungeon
  3455 | D:5      | Reached skill level 5 in Maces & Flails
  3455 | D:5      | Reached XP level 7. HP: 35/43 MP: 7/7
  3605 | D:5      | HP: 1/44 [jackal (2)]
  3617 | D:5      | HP: 1/44 [iguana (2)]
  3635 | D:5      | Reached skill level 5 in Armour
  4194 | D:5      | Found a radiant altar of Vehumet.
  4321 | D:5      | Reached XP level 8. HP: 48/48 MP: 8/8
  4740 | D:6      | Reached skill level 1 in Dodging
  4999 | D:6      | Reached skill level 5 in Fighting
  5030 | D:6      | Found a staircase to the Ecumenical Temple.
  5082 | Temple   | Entered the Ecumenical Temple
  5156 | Temple   | Became a worshipper of Warmaster Okawaru
  5433 | D:6      | Reached XP level 9. HP: 50/54 MP: 7/9
  5657 | D:7      | Found Rublas's Antique Weapon Shoppe.
  6566 | D:8      | Noticed ck1fx's ghost (novice DsGl)
  6583 | D:8      | Reached * piety under Okawaru
  6619 | D:8      | Killed ck1fx's ghost
  6619 | D:8      | Reached ** piety under Okawaru
  6778 | D:8      | Found Feojiysch's Weapon Boutique.
  6964 | D:8      | Reached XP level 10. HP: 15/60 MP: 6/10
  7306 | D:8      | Identified the Papyrus of Aid and Slavery
  7314 | D:8      | Learned a level 5 spell: Summon Demon
  7394 | D:8      | Found an ancient bone altar of Kikubaaqudgha.
  7750 | D:9      | Reached *** piety under Okawaru
  7782 | D:9      | Reached skill level 1 in Spellcasting
  7801 | D:9      | Reached skill level 1 in Summonings
  8578 | D:10     | Entered Level 10 of the Dungeon
  8593 | D:10     | Reached **** piety under Okawaru
  9239 | D:10     | Reached XP level 11. HP: 58/67 MP: 14/14
  9458 | D:10     | Reached skill level 10 in Maces & Flails
  9993 | D:11     | Reached skill level 10 in Shields
 10161 | D:11     | Found a staircase to the Lair.
 10241 | D:11     | Noticed a cyclops
 10253 | D:11     | Killed a cyclops
 10253 | D:11     | Reached ***** piety under Okawaru
 10764 | D:11     | Found a roughly hewn altar of Beogh.
 10766 | D:11     | Found a staircase to the Orcish Mines.
 10947 | D:11     | Received a gift from Okawaru
 11026 | Lair:1   | Entered Level 1 of the Lair of Beasts
 11412 | Lair:1   | Noticed a six-headed hydra
 11426 | Lair:1   | Killed a six-headed hydra
 11725 | Lair:1   | Received a gift from Okawaru
 11801 | Lair:1   | Learned a level 6 spell: Iron Shot
 11970 | Lair:1   | Reached XP level 12. HP: 46/75 MP: 12/16
 12510 | Lair:2   | Found a frozen archway.
 12533 | IceCv    | Entered an ice cave
 12585 | IceCv    | Received a gift from Okawaru
 12629 | IceCv    | Identified a +2 pair of boots of running (Okawaru gifted it to you in an ice cave)
 12722 | IceCv    | Reached skill level 10 in Armour
 13372 | IceCv    | Noticed a frost giant
 13407 | IceCv    | Mangled by a frost giant

Skill      XL: |  1  2  3  4  5  6  7  8  9 10 11 12 |
---------------+-------------------------------------+-----
Shields        | 4 5 6 8 9 10 11 | 11.3
Maces & Flails | 3 4 5 6 8 9 10 11 | 11.3
Armour         | 4 5 6 7 8 9 10 | 10.5
Fighting       | 4 5 7 8 9 |  9.7
Dodging        | 1 |  1.4
Spellcasting   | 2 3 4 |  4.1
Summonings     | 1 3 4 |  4.1
Stealth        | |  0.5

Action                   |  1- 3 |  4- 6 |  7- 9 | 10-12 || total
-------------------------+-------+-------+-------+-------++-------
Melee: Flail             |    84 |   221 |    64 |       ||   369
       Kick              |    17 |    37 |       |       ||    54
       Morningstar       |       |       |   439 |  1314 ||  1753
  Use: Potion            |     4 |     7 |     2 |     6 ||    19
       Scroll            |     3 |     5 |     5 |     8 ||    21
 Stab: Distracted        |       |       |       |     1 ||     1
  Eat: Chunk             |       |     5 |    10 |    24 ||    39
       Meat ration       |       |     1 |       |       ||     1
Armor: Plate armour      |    69 |   191 |   526 |   980 ||  1766
Dodge: Dodged            |     6 |    24 |   164 |   338 ||   532
Block: Shield            |    30 |   118 |   424 |   981 ||  1553
